[ AOE2 MATCH · #481351237 ]
UnrankedJapanese vs Mongols
Player's team · WIN
Rival team · LOSS
[ REPLAY ANALYSIS · EXTRACTED FROM THE RECORDED GAME ]
Feudal
—
Castle
—
Imperial
—
| APM avg | 27.9 |
| APM peak | 65 |
| eAPM avg | 19.0 |
| Villagers / military | 147 / 97 |
Focus
⚔️ 35.4% · 🌾 64.6%
Skirmisher ×46 · Spearman ×23 · Trebuchet (Packed) ×14 · Samurai ×6 · Militia ×5 · Monk ×3
Feudal
9:40
Castle
24:09
Imperial
—
| APM avg | 34.1 |
| APM peak | 93 |
| eAPM avg | 15.8 |
| Villagers / military | 113 / 42 |
Focus
⚔️ 23.6% · 🌾 76.4%
Scout Cavalry ×19 · Mangudai ×15 · Cavalry Archer ×8
Match map
Initial resources + every placement click. Lines = walls · curves = elevation contours. ◆ gold · ⬟ stone · ● berries · ✦ relic · ◌ wall gap
Your base· Open — unwalled flank
Greederik's base· ✓ Closed at 24:09 · 45t walls · 3 gate(s)
Smoothed initial terrain · ◌ = detected wall gap · hover for details
Inputs per minute
— Scalzer3697 - - Greederik
Build order — Scalzer3697
First 150 of 407 actions detected
| 0:01 | Create | Villager (Male) |
| 0:01 | Create | Villager (Male) |
| 0:02 | Build | House |
| 0:04 | Build | House |
| 0:20 | Create | Villager (Male) |
| 0:20 | Create | Villager (Male) |
| 0:21 | Create | Villager (Male) |
| 1:23 | Build | Mill |
| 1:29 | Create | Villager (Male) |
| 1:30 | Create | Villager (Male) |
| 2:07 | Create | Villager (Male) |
| 2:08 | Create | Villager (Male) |
| 2:27 | Create | Villager (Male) |
| 2:27 | Create | Villager (Male) |
| 2:56 | Create | Villager (Male) |
| 2:56 | Create | Villager (Male) |
| 2:57 | Create | Villager (Male) |
| 3:21 | Create | Villager (Male) |
| 3:22 | Create | Villager (Male) |
| 3:25 | Build | House |
| 3:28 | Build | House |
| 3:31 | Build | Lumber Camp |
| 3:33 | Create | Villager (Male) |
| 3:39 | Research | Loom |
| 3:59 | Create | Villager (Male) |
| 4:11 | Create | Villager (Male) |
| 4:29 | Create | Villager (Male) |
| 4:38 | Create | Villager (Male) |
| 4:39 | Create | Villager (Male) |
| 6:18 | Create | Villager (Male) |
| 6:44 | Research | Feudal Age |
| 6:44 | Research | Feudal Age |
| 7:19 | Create | Villager (Male) |
| 8:13 | Build | Barracks |
| 8:17 | Create | Villager (Male) |
| 8:47 | Create | Militia |
| 8:47 | Create | Militia |
| 8:47 | Create | Militia |
| 8:52 | Build | Mining Camp |
| 8:57 | Create | Villager (Male) |
| 9:10 | Build | House |
| 9:22 | Create | Militia |
| 9:33 | Create | Villager (Male) |
| 9:43 | Research | Double-Bit Axe |
| 9:43 | Research | Double-Bit Axe |
| 9:45 | Create | Villager (Male) |
| 9:48 | Create | Militia |
| 10:00 | Build | House |
| 10:06 | Create | Villager (Male) |
| 10:27 | Build | Farm |
| 10:28 | Build | Farm |
| 10:30 | Create | Villager (Male) |
| 10:34 | Research | Man-at-Arms (upgrade) |
| 10:46 | Create | Villager (Male) |
| 10:58 | Create | Villager (Male) |
| 11:02 | Build | Farm |
| 11:10 | Build | Farm |
| 11:11 | Build | Farm |
| 11:38 | Create | Villager (Male) |
| 11:38 | Create | Villager (Male) |
| 11:44 | Build | Farm |
| 12:08 | Create | Villager (Male) |
| 12:11 | Build | Farm |
| 12:30 | Build | Lumber Camp |
| 12:39 | Create | Villager (Male) |
| 12:40 | Create | Villager (Male) |
| 12:44 | Build | Farm |
| 13:00 | Create | Villager (Male) |
| 13:32 | Create | Villager (Male) |
| 13:35 | Build | Farm |
| 13:37 | Build | Farm |
| 13:38 | Build | Farm |
| 13:38 | Build | Farm |
| 13:38 | Build | Farm |
| 13:49 | Build | House |
| 13:51 | Build | House |
| 14:07 | Build | Farm |
| 14:08 | Build | Farm |
| 14:08 | Build | Farm |
| 14:08 | Build | Farm |
| 14:14 | Create | Villager (Male) |
| 14:30 | Research | Wheelbarrow |
| 15:02 | Build | Blacksmith |
| 15:07 | Create | Villager (Male) |
| 15:24 | Research | Arson |
| 15:36 | Research | Forging |
| 16:00 | Research | Town Watch |
| 16:07 | Build | Market |
| 16:28 | Create | Villager (Male) |
| 16:32 | Research | Scale Mail Armor |
| 16:46 | Create | Villager (Male) |
| 16:53 | Build | Mill |
| 17:01 | Create | Villager (Male) |
| 17:25 | Create | Spearman |
| 17:25 | Create | Spearman |
| 17:31 | Build | Barracks |
| 17:35 | Create | Villager (Male) |
| 17:40 | Build | Farm |
| 17:45 | Build | Farm |
| 17:47 | Research | Gold Mining |
| 17:55 | Create | Spearman |
| 18:10 | Build | Palisade Wall |
| 18:12 | Create | Villager (Male) |
| 18:55 | Create | Villager (Male) |
| 18:58 | Research | Castle Age |
| 19:11 | Build | House |
| 19:18 | Build | House |
| 19:25 | Research | Horse Collar |
| 19:30 | Research | Fletching |
| 20:02 | Create | Villager (Male) |
| 20:34 | Build | Palisade Wall |
| 20:46 | Build | Farm |
| 20:48 | Create | Villager (Male) |
| 21:42 | Build | Town Center |
| 21:44 | Create | Villager (Male) |
| 21:46 | Research | Bow Saw |
| 21:51 | Build | Town Center |
| 21:57 | Create | Villager (Male) |
| 21:58 | Research | Pikeman (upgrade) |
| 21:59 | Research | Squires |
| 22:04 | Create | Spearman |
| 22:05 | Create | Spearman |
| 22:06 | Research | Chain Mail Armor |
| 22:18 | Create | Villager (Male) |
| 22:27 | Create | Villager (Male) |
| 22:36 | Create | Villager (Male) |
| 22:42 | Create | Spearman |
| 22:47 | Create | Villager (Male) |
| 23:03 | Research | Hand Cart |
| 23:13 | Create | Villager (Male) |
| 23:14 | Create | Villager (Male) |
| 23:31 | Create | Villager (Male) |
| 23:31 | Create | Villager (Male) |
| 23:40 | Create | Villager (Male) |
| 23:40 | Create | Villager (Male) |
| 23:53 | Create | Villager (Male) |
| 23:53 | Create | Villager (Male) |
| 23:57 | Build | Monastery |
| 24:07 | Build | Farm |
| 24:08 | Create | Villager (Male) |
| 24:08 | Create | Villager (Male) |
| 24:19 | Build | Farm |
| 24:20 | Build | Farm |
| 24:20 | Build | Farm |
| 24:23 | Create | Villager (Male) |
| 24:23 | Create | Villager (Male) |
| 24:30 | Build | Farm |
| 24:31 | Build | Farm |
| 24:31 | Build | Farm |
| 24:31 | Build | Farm |
Build order — Greederik
First 150 of 267 actions detected
| 0:01 | Create | Villager (Male) |
| 0:01 | Create | Villager (Male) |
| 0:01 | Create | Villager (Male) |
| 0:02 | Create | Villager (Male) |
| 0:02 | Build | House |
| 0:04 | Build | House |
| 1:35 | Create | Villager (Male) |
| 1:36 | Create | Villager (Male) |
| 2:03 | Create | Villager (Male) |
| 2:03 | Create | Villager (Male) |
| 2:31 | Create | Villager (Male) |
| 2:31 | Create | Villager (Male) |
| 2:31 | Create | Villager (Male) |
| 2:50 | Create | Villager (Male) |
| 2:50 | Create | Villager (Male) |
| 3:01 | Build | Lumber Camp |
| 3:38 | Create | Villager (Male) |
| 3:38 | Create | Villager (Male) |
| 3:38 | Create | Villager (Male) |
| 4:22 | Build | House |
| 4:32 | Create | Villager (Male) |
| 4:32 | Create | Villager (Male) |
| 4:53 | Create | Villager (Male) |
| 4:53 | Create | Villager (Male) |
| 4:58 | Build | Mill |
| 5:14 | Create | Villager (Male) |
| 5:14 | Create | Villager (Male) |
| 5:14 | Create | Villager (Male) |
| 5:14 | Create | Villager (Male) |
| 5:56 | Build | Farm |
| 5:57 | Build | Farm |
| 6:21 | Create | Villager (Male) |
| 6:21 | Create | Villager (Male) |
| 7:00 | Research | Loom |
| 7:30 | Research | Feudal Age |
| 7:30 | Research | Feudal Age |
| 7:54 | Build | Mining Camp |
| 8:05 | Build | Mining Camp |
| 8:11 | Build | House |
| 8:49 | Build | Barracks |
| 8:57 | Build | Palisade Wall |
| 9:17 | Create | Villager (Male) |
| 9:17 | Create | Villager (Male) |
| 9:40 | Age | Feudal Age |
| 9:54 | Build | Palisade Wall |
| 10:21 | Build | Stable |
| 10:29 | Create | Villager (Male) |
| 10:29 | Create | Villager (Male) |
| 10:44 | Build | House |
| 10:58 | Build | House |
| 11:01 | Build | Palisade Gate |
| 11:03 | Build | Palisade Wall |
| 11:05 | Create | Villager (Male) |
| 11:14 | Create | Villager (Male) |
| 11:17 | Research | Horse Collar |
| 11:22 | Research | Double-Bit Axe |
| 11:32 | Build | House |
| 11:38 | Build | Palisade Wall |
| 11:47 | Build | Watch Tower |
| 12:05 | Build | Mill |
| 12:09 | Build | House |
| 12:11 | Build | Palisade Wall |
| 12:17 | Build | Palisade Wall |
| 12:20 | Build | Palisade Gate |
| 12:24 | Create | Villager (Male) |
| 12:24 | Create | Villager (Male) |
| 12:33 | Build | Farm |
| 12:37 | Build | Farm |
| 12:42 | Build | House |
| 12:49 | Build | House |
| 13:17 | Create | Villager (Male) |
| 13:26 | Create | Villager (Male) |
| 13:39 | Create | Villager (Male) |
| 13:47 | Build | Farm |
| 13:47 | Build | Farm |
| 13:47 | Build | Farm |
| 14:02 | Create | Villager (Male) |
| 14:03 | Create | Villager (Male) |
| 14:11 | Build | Lumber Camp |
| 14:32 | Create | Villager (Male) |
| 15:09 | Build | Farm |
| 15:42 | Build | Farm |
| 15:42 | Build | Farm |
| 15:55 | Create | Scout Cavalry |
| 15:56 | Create | Villager (Male) |
| 16:00 | Build | Farm |
| 16:06 | Create | Villager (Male) |
| 16:32 | Create | Villager (Male) |
| 16:40 | Build | Archery Range |
| 16:51 | Create | Villager (Male) |
| 17:27 | Create | Villager (Male) |
| 17:32 | Build | Farm |
| 17:33 | Build | Farm |
| 17:40 | Build | House |
| 17:54 | Build | House |
| 17:56 | Build | Palisade Wall |
| 18:01 | Build | House |
| 18:04 | Build | Palisade Wall |
| 18:05 | Create | Villager (Male) |
| 18:06 | Create | Villager (Male) |
| 18:07 | Create | Villager (Male) |
| 18:29 | Build | Farm |
| 18:49 | Build | Palisade Gate |
| 18:52 | Create | Villager (Male) |
| 18:52 | Create | Villager (Male) |
| 18:57 | Build | Farm |
| 18:57 | Build | Farm |
| 18:58 | Build | Farm |
| 18:58 | Build | Farm |
| 18:58 | Build | Farm |
| 18:58 | Build | Farm |
| 18:59 | Build | Farm |
| 18:59 | Build | Farm |
| 19:00 | Build | Farm |
| 19:15 | Create | Scout Cavalry |
| 19:33 | Build | Market |
| 19:40 | Build | House |
| 19:42 | Build | House |
| 19:45 | Build | House |
| 19:55 | Create | Villager (Male) |
| 20:04 | Create | Scout Cavalry |
| 20:16 | Create | Villager (Male) |
| 20:26 | Build | Farm |
| 20:26 | Build | Farm |
| 20:27 | Build | Farm |
| 20:27 | Build | Farm |
| 21:00 | Create | Villager (Male) |
| 21:06 | Build | House |
| 21:07 | Build | House |
| 21:11 | Build | Farm |
| 21:29 | Research | Castle Age |
| 21:30 | Research | Castle Age |
| 22:00 | Create | Scout Cavalry |
| 22:06 | Research | Bloodlines |
| 22:29 | Create | Villager (Male) |
| 22:31 | Create | Scout Cavalry |
| 22:36 | Build | Farm |
| 22:50 | Create | Villager (Male) |
| 23:20 | Build | Mining Camp |
| 23:28 | Build | House |
| 23:32 | Build | House |
| 23:41 | Create | Villager (Male) |
| 23:42 | Create | Villager (Male) |
| 23:51 | Create | Scout Cavalry |
| 23:51 | Create | Scout Cavalry |
| 24:09 | Age | Castle Age |
| 24:18 | Create | Cavalry Archer |
| 24:19 | Create | Cavalry Archer |
| 24:19 | Create | Cavalry Archer |
| 24:40 | Create | Cavalry Archer |
Match timeline
| 8:13 | Scalzer3697 · first_building Barracks |
| 8:49 | Greederik · first_building Barracks |
| 8:57 | Greederik · wall_segment Palisade Wall x9 |
| 9:40 | Greederik · age_up feudal |
| 9:54 | Greederik · wall_segment Palisade Wall x4 |
| 10:21 | Greederik · first_building Stable |
| 11:03 | Greederik · wall_segment Palisade Wall x1 |
| 11:38 | Greederik · wall_segment Palisade Wall x6 |
| 12:11 | Greederik · wall_segment Palisade Wall x2 |
| 12:17 | Greederik · wall_segment Palisade Wall x5 |
| 16:40 | Greederik · first_building Archery Range |
| 17:56 | Greederik · wall_segment Palisade Wall x5 |
| 18:04 | Greederik · wall_segment Palisade Wall x13 |
| 18:10 | Scalzer3697 · wall_segment Palisade Wall x6 |
| 18:18 | Scalzer3697 · first_market_buy 100 food |
| 20:34 | Scalzer3697 · wall_segment Palisade Wall x1 |
| 21:20 | Greederik · first_market_buy 100 food |
| 23:57 | Scalzer3697 · first_building Monastery |
| 24:09 | Greederik · age_up castle |
| 27:20 | Scalzer3697 · first_building Archery Range |
| 28:44 | Greederik · first_building Castle |
| 30:52 | Scalzer3697 · first_building Castle |
| 32:56 | Scalzer3697 · first_market_sell 500 wood |
| 34:39 | Greederik · first_building Monastery |
| 39:57 | Greederik · resign |
[ AI ANALYSIS · 1 CREDIT ]
What really happened in this match?
Wolo.gg analyzes every decision: build order, eco, micro, common mistakes by bracket. Personalized analysis on WhatsApp or Discord in 30 seconds.
Civ guide
Japanese
Perfil
Jugador #3427455